 Dungeon Crawl Stone Soup version 0.19.0-9-gfd783f2 (webtiles) character file.

39 aggelon the Charmwright (level 3, 0/24 HPs)
             Began as a High Elf Skald on Nov 7, 2016.
             Succumbed to an adder's poison
             ... on level 2 of the Dungeon.
             The game lasted 00:16:32 (1085 turns).

aggelon the Charmwright (High Elf Skald)            Turns: 1085, Time: 00:16:32

Health: 0/24       AC:  8    Str: 11    XL:     3   Next: 26%
Magic:  8/8        EV:  5    Int: 17    God:
Gold:   50         SH:  0    Dex: 14    Spells: 2 memorised, 4 levels left

rFire  . . .     SeeInvis .     a - +0 short sword
rCold  . . .     Gourm    .     e - +0 chain mail
rNeg   . . .     Faith    .     (no shield)
rPois  .         Spirit   .     (no helmet)
rElec  .         Reflect  .     (no cloak)
rCorr  .         Harm     .     (no gloves)
MR     .....                    (no boots)
Stlth  ..........               (no amulet)
                                (no ring)
                                (no ring)

@: lethally poisoned (0 -> -7), very slightly contaminated
A: no striking features
a: no special abilities


You were on level 2 of the Dungeon.
You were not hungry.

You visited 1 branch of the dungeon, and saw 2 of its levels.

You collected 50 gold pieces.

Inventory:

Hand Weapons
 a - a +0 short sword (weapon)
Missiles
 g - 21 bolts
 m - 11 stones (quivered)
Armour
 b - a +0 leather armour
 e - a +0 chain mail (worn)
Jewellery
 f - a +3 ring of dexterity {unknown}
 l - a +2 ring of intelligence {unknown}
Scrolls
 j - a scroll of fear
Potions
 i - a potion of cancellation
 k - a potion of ambrosia
Books
 c - a book of Battle

   Spells                             Type                      Level
   a - Infusion                       Charms                       1
   b - Shroud of Golubria             Charms/Translocation         2
   c - Song of Slaying                Charms                       2
   d - Spectral Weapon                Hexes/Charms                 3
   e - Regeneration                   Charms/Necromancy            3
Comestibles
 d - 2 bread rations
 h - a beef jerky


   Skills:
 + Level 2.2 Fighting
 + Level 3.4 Short Blades
 + Level 1.1 Armour
 + Level 1.1 Dodging
 + Level 2.8 Spellcasting
 + Level 4.0 Charms


You had 4 spell levels left.
You knew the following spells:

 Your Spells              Type           Power        Failure   Level  Hunger
a - Infusion              Chrm           ###.         99%         1    #......
b - Song of Slaying       Chrm           ###.....     100%        2    ##.....


Dungeon Overview and Level Annotations

Branches:
Dungeon (2/15)

Altars:


Message History

You feel sick. The adder bites you but does no damage.
* * * LOW HITPOINT WARNING * * *
You feel sick.
You hit the adder but do no damage.
The adder is severely wounded.
The adder bites you but does no damage.
You miss the adder.
The adder is heavily wounded.
* * * LOW HITPOINT WARNING * * *
You feel sick. The adder barely misses you.
You closely miss the adder.
The adder is heavily wounded.
* * * LOW HITPOINT WARNING * * *
You feel sick.
The adder bites you but does no damage. x2
You hit the adder.
The adder is almost dead.
The adder completely misses you.
You hit the adder.
You kill the adder!
You die...

....< #.#.# #
.$#.# #
#######.#.### #
.....!......####.#
#### ##.#.........
....
####...##.......
#... #.........#
#.## ..###...#@#
##.# ##.##.# #..#
#.##.# #..# ...#.#
#..## #...#.#
#.... ... #.#
#.#.. ##
#.############.#.#
#...>..........#.#
################.#


There were no monsters in sight!

Vanquished Creatures
  An adder (D:2)
  An ooze (D:1)
  A dart slug (D:2)
  A giant cockroach (D:1)
  4 goblins
  8 hobgoblins (D:1)
  A kobold (D:1)
  A bat (D:1)
  A frilled lizard (D:1)
  3 rats (D:1)
22 creatures vanquished.

Notes
Turn   | Place    | Note
-------+----------+-------------------------------------------
     0 | D:1      | aggelon the High Elf Skald began the quest for the Orb.
     0 | D:1      | Reached XP level 1. HP: 14/14 MP: 4/4
   215 | D:1      | Reached XP level 2. HP: 14/19 MP: 4/6
   369 | D:1      | Reached skill level 1 in Armour
   517 | D:1      | Reached skill level 4 in Charms
   567 | D:1      | Learned a level 2 spell: Song of Slaying
  1020 | D:2      | Reached XP level 3. HP: 23/24 MP: 8/8
  1083 | D:2      | HP: 1/24 [poisoned by an adder]
  1085 | D:2      | Succumbed to an adder's poison

Skill      XL: |  1  2 |
---------------+-------+-----
Armour         | 1 |  1.1
Charms         | 4 |  4.0
Short Blades   | 3 |  3.4
Fighting       | |  2.2
Dodging        | |  1.1
Spellcasting   | |  2.8

Action                   || total
-------------------------++-------
Melee: Short sword       ||    91
 Cast: Infusion          ||     1
  Use: Scroll            ||     7
       Potion            ||     2
  Eat: Chunk             ||     1
Armor: Chain mail        ||    55
Dodge: Dodged            ||    24
